Map: Romanticide LE

Players

Aguero

  • Race: Protoss Protoss
  • League: Diamond
  • Spawn Location: 11:00

TopFivHotKys - Winner!

  • Race: Protoss Protoss
  • League: Master
  • Spawn Location: 5:00

VOD

Have the link to the VOD?

Description

Time

  • Played on: Dec. 7, 2020, 6:06 a.m.
  • Length: 14:16
Show
View Real Time Build Order
Export as new Build Order

Aguero Protoss 

Build Orders:  

Get SALT Encoding   

  12  0:00  Probe  
  13  0:13  Probe  
  14  0:20  Pylon  
  14  0:28  Probe  
  15  0:41  Probe  
  16  0:52  Gateway  
  16  0:53  Probe  
  17  0:57  Assimilator  
  17  1:05  Probe  
  18  1:17  Probe  
  19  1:29  Probe  
  20  1:33  Pylon  
  20  1:44  Cybernetics Core  
  20  1:48  Probe  
  20  1:51  Nexus  
  21  1:58  Pylon  
  21  2:02  Probe  
  21  2:04  Zealot (Chrono Boost)  
  24  2:14  Probe  
  25  2:23  Stalker (Chrono Boost)  
  25  2:26  Probe  
  28  2:35  Shield Battery  
  27  2:38  Probe  
  28  2:49  Stalker  
  30  2:51  Gateway  
  31  2:58  Probe  
  31  3:16  Probe (Chrono Boost)  
  32  3:20  Assimilator  
  32  3:22  Assimilator  
  32  3:26  Probe (Chrono Boost)  
  33  3:31  Probe (Chrono Boost)  
  34  3:45  Nexus  
  34  3:49  Forge  
  34  3:51  Stalker  
  36  3:58  Probe (Chrono Boost)  
  36  4:02  Assimilator  
  38  4:03  Probe (Chrono Boost)  
  38  4:05  Shield Battery  
  38  4:07  Probe (Chrono Boost)  
  39  4:10  Pylon  
  39  4:12  Probe (Chrono Boost)  
  37  4:27  Stargate  
  37  4:30  Stargate  
  37  4:32  Probe (Chrono Boost)  
  38  4:44  Probe (Chrono Boost)  
  38  4:45  Photon Cannon  
  38  4:49  Probe (Chrono Boost)  
  39  4:55  Photon Cannon  
  39  4:58  Probe  
  39  5:01  Shield Battery  
  38  5:08  Probe x2 (Chrono Boost)  
  38  5:13  Probe (Chrono Boost)  
  38  5:20  Probe (Chrono Boost)  
  38  5:24  Probe (Chrono Boost)  
  38  5:27  Probe x2 (Chrono Boost)  
  38  5:28  Protoss Air Weapons Level 1 (Chrono Boost)  
  41  5:35  Probe  
  42  5:36  Photon Cannon  
  42  5:42  Pylon  
  38  5:52  Phoenix x2  
  38  5:55  Probe (Chrono Boost)  
  43  6:03  Shield Battery  
  41  6:06  Probe (Chrono Boost)  
  41  6:07  Photon Cannon  
  41  6:11  Probe (Chrono Boost)  
  38  6:20  Phoenix x2 (Chrono Boost)  
  40  6:30  Probe  
  40  6:37  Probe  
  40  6:44  Probe (Chrono Boost)  
  40  6:46  Phoenix  
  41  6:48  Phoenix  
  41  6:49  Probe (Chrono Boost)  
  44  6:59  Probe (Chrono Boost)  
  44  7:00  Probe (Chrono Boost)  
  44  7:01  Probe (Chrono Boost)  
  47  7:04  Probe (Chrono Boost)  
  47  7:07  Probe  
  49  7:15  Probe  
  44  7:17  Pylon  
  44  7:21  Probe x2  
  43  7:27  Probe  
  43  7:28  Fleet Beacon  
  43  7:34  Photon Cannon  
  43  7:39  Probe  
  44  7:51  Probe  
  44  7:54  Phoenix x2  
  49  8:03  Probe  
  47  8:16  Anion Pulse-Crystals  
  47  8:26  Probe (Chrono Boost)  
  50  8:34  Probe (Chrono Boost)  
  50  8:35  Assimilator, Probe (Chrono Boost)  
  50  8:36  Probe (Chrono Boost)  
  50  8:37  Assimilator  
  53  8:42  Probe x2 (Chrono Boost)  
  53  8:44  Probe (Chrono Boost)  
  53  8:45  Protoss Air Weapons Level 2 (Chrono Boost)  
  53  8:47  Probe x2 (Chrono Boost)  
  54  8:52  Probe  
  57  8:56  Photon Cannon  
  57  8:58  Probe x2  
  58  9:03  Phoenix (Chrono Boost)  
  58  9:04  Probe  
  63  9:11  Phoenix (Chrono Boost)  
  62  9:17  Photon Cannon  
  61  9:27  Probe x2  
  61  9:29  Phoenix (Chrono Boost)  
  61  9:30  Phoenix (Chrono Boost)  
  67  9:39  Probe x2  
  67  9:43  Pylon  
  69  9:47  Phoenix x2 (Chrono Boost)  
  71  9:54  Pylon  
  69  10:12  Photon Cannon  
  69  10:14  Phoenix x2 (Chrono Boost)  
  70  10:29  Pylon  
  70  10:31  Phoenix x2, Pylon  
  66  11:12  Protoss Air Weapons Level 3 (Chrono Boost)  
  58  11:20  Nexus  
  58  11:21  Pylon  
  58  11:22  Probe x2 (Chrono Boost)  
  60  11:26  Probe (Chrono Boost)  
  62  11:33  Probe x2 (Chrono Boost)  
  62  11:36  Probe (Chrono Boost)  
  62  11:37  Probe (Chrono Boost)  
  58  11:46  Probe  
  59  11:51  Phoenix  
  31  12:23  Probe (Chrono Boost)  
  31  12:24  Probe (Chrono Boost)  
  31  12:27  Probe (Chrono Boost)  
  34  12:31  Flux Vanes  
  34  12:35  Void Ray (Chrono Boost), Probe x2 (Chrono Boost)  
  37  12:37  Void Ray (Chrono Boost)  
  37  12:39  Probe (Chrono Boost)  
  37  12:40  Probe (Chrono Boost)  
  46  12:47  Probe  
  46  12:49  Probe x2  
  46  12:50  Probe  
  50  12:59  Probe  
  50  13:01  Probe x2  
  50  13:02  Probe  
  54  13:12  Probe  
  55  13:13  Probe x2  
Show
View Real Time Build Order
Export as new Build Order

TopFivHotKys Protoss - Winner!

Build Orders: Phoenix Opening, Carriers, Mass Phoenix 

Get SALT Encoding   

  12  0:00  Probe  
  13  0:16  Pylon  
  13  0:19  Probe  
  14  0:31  Probe  
  15  0:36  Gateway  
  15  0:44  Assimilator  
  15  0:50  Assimilator  
  15  1:02  Assimilator  
  15  1:06  Probe  
  16  1:14  Pylon  
  16  1:18  Probe (Chrono Boost)  
  17  1:28  Cybernetics Core  
  17  1:31  Probe (Chrono Boost)  
  18  1:45  Probe (Chrono Boost)  
  20  1:54  Probe (Chrono Boost)  
  20  1:58  Pylon  
  20  1:59  Probe (Chrono Boost)  
  20  2:05  Adept (Chrono Boost)  
  23  2:22  Stargate  
  23  2:25  Probe  
  24  2:41  Stargate, Probe  
  25  3:07  Phoenix  
  27  3:24  Phoenix (Chrono Boost)  
  28  3:38  Phoenix (Chrono Boost)  
  28  3:43  Nexus  
  28  3:49  Zealot  
  30  4:11  Pylon  
  30  4:29  Phoenix (Chrono Boost)  
  34  4:33  Phoenix (Chrono Boost)  
  34  4:34  Probe  
  34  4:36  Zealot  
  37  4:49  Probe  
  38  4:57  Phoenix (Chrono Boost)  
  38  4:59  Phoenix (Chrono Boost)  
  42  5:19  Phoenix  
  44  5:24  Void Ray  
  46  5:36  Pylon  
  46  5:38  Probe x2  
  48  5:50  Probe x2  
  50  6:02  Probe  
  50  6:03  Phoenix  
  53  6:07  Phoenix  
  57  6:58  Fleet Beacon  
  57  6:59  Probe x2  
  55  7:01  Assimilator  
  55  7:03  Assimilator  
  55  7:11  Probe  
  54  7:27  Adept (Chrono Boost)  
  56  7:33  Probe x2  
  58  7:45  Probe x2  
  58  7:48  Shield Battery  
  58  7:49  Shield Battery  
  60  8:18  Probe x2  
  62  8:21  Pylon  
  62  8:22  Pylon  
  62  8:24  Nexus  
  62  8:28  Pylon  
  62  8:29  Pylon  
  62  8:30  Stargate  
  62  8:36  Carrier x2 (Chrono Boost)  
  62  8:38  Pylon  
  62  8:39  Pylon, Probe  
  71  9:08  Probe  
  71  9:09  Probe  
  73  9:20  Probe  
  74  9:26  Pylon  
  74  9:27  Forge  
  74  9:31  Carrier  
  80  9:43  Carrier  
  86  9:46  Carrier  
  92  10:02  Shield Battery  
  92  10:03  Probe  
  92  10:04  Probe x2  
  92  10:05  Shield Battery  
  95  10:25  Probe  
  95  10:26  Probe x2  
  98  10:35  Carrier  
  104  10:40  Assimilator  
  104  10:43  Assimilator  
  104  10:49  Carrier  
  104  11:14  Protoss Air Weapons Level 1  
  67  12:03  Phoenix x2  
  63  12:14  Carrier  
  69  12:28  Phoenix x2  
  73  12:40  Probe x2  
  73  12:41  Probe  
  76  12:52  Probe x2  
  76  12:53  Phoenix x2  
  76  12:56  Nexus  
  82  12:59  Pylon  
  88  13:28  Phoenix x2  
Tags
 
Add a new tag
Caveats
  • Supply blocks, unpowered buildings, or Contaminate may cause inaccurate times.
  • Supply counts are checked every 10 seconds.